 Dungeon Crawl Stone Soup version 0.29-a0-197-ge3fb4bd5a4 (webtiles) character file.

Game seed: 16799151669546123732

634 Hasart the Magician (level 7, 0/50 HPs)
             Began as a Djinni Conjurer on Feb 22, 2022.
             Frozen to death by an endoplasm (3 damage)
             ... on level 4 of the Dungeon.
             The game lasted 00:08:06 (5342 turns).

Hasart the Magician (Djinni Conjurer)               Turns: 5342, Time: 00:08:06

Health: 0/50       AC:  3    Str:  6    XL:     7   Next: 78%
Gold:   201        EV: 13    Int: 22    God:
                   SH:  0    Dex: 11

rFire   + + .      SeeInvis .   c - staff of cold
rCold   . . .      Faith    .   (no shield)
rNeg    . . .      Spirit   .   a - +0 robe
rPois   ∞          Reflect  .   i - +0 helmet
rElec   .          Harm     .   (no cloak)
rCorr   .          Rampage  .   (no gloves)
Will    .....                   (boots unavailable)
Stlth   ++........              (no amulet)
HPRegen 0.16/turn               (no ring)
MPRegen 0.00/turn               (no ring)

@: flying, very slightly contaminated
A: sickness immunity, fire resistance 2, cold vulnerability 1, float, innate
caster, HP casting, extra vitality 1
a: no special abilities


You were on level 4 of the Dungeon.
You visited 1 branch of the dungeon, and saw 4 of its levels.
You also visited: Sewer.

You collected 201 gold pieces.

Inventory:

Armour
 a - a +0 robe (worn)
 i - a +0 helmet (worn)
Magical Staves
 c - a staff of cold (weapon)
Scrolls
 b - a scroll of teleportation {unknown}
 d - 2 scrolls of fog {unknown}
 g - 2 scrolls of identify {unknown}
 h - a scroll of enchant weapon {unknown}
 l - 3 scrolls of fear {unknown}
 n - a scroll of immolation {unknown}
Potions
 e - a potion of mutation {unknown}
 f - 3 potions of heal wounds {unknown}
 j - a potion of flight {unknown}
 k - 4 potions of might {unknown}
 m - a potion of curing {unknown}
 o - 2 potions of cancellation {unknown}


   Skills:
 + Level 3.5 Fighting
 + Level 4.7 Dodging
 - Level 1.5 Stealth
 * Level 5.4 Spellcasting


You couldn't memorise any spells.
You knew the following spells:

 Your Spells              Type           Power      Damage    Failure   Level
a - Searing Ray           Conj           58%        2d6       1%          2
b - Magic Dart            Conj           100%       1d8       1%          1
c - Fulminant Prism       Conj/Hex       14%        3d9       11%         4
d - Iskenderun's Mystic   Conj/Tloc      29%        2d7       11%         4
e - Dazzling Flash        Conj/Hex       58%        N/A       3%          3
f - Pain                  Necr           100%       1d9       1%          1
g - Blink                 Tloc           58%        N/A       1%          2
h - Confusing Touch       Hex            29%        N/A       3%          3
Your spell library was empty.

Dungeon Overview and Level Annotations

Branches:
Dungeon (4/15)              Sewer (visited)
 Temple: D:4-7

Altars:
Yredelemnul
The Shining One

Annotations:
D:2 1 runed translucent door, Crazy Yiuf


Innate Abilities, Weirdness & Mutations

You are immune to sickness and miasma.
You are immune to poison.
Your flesh is very heat resistant. (rF++)
You are vulnerable to cold. (rC-)
You float through the air rather than walking.
You learn spells naturally, not from books.
Your magical power is your life essence.
You have superior vitality. (+4 MHP)


Message History

An endoplasm comes into view.
A ball python comes into view.
You see here a ball python corpse.
The endoplasm quivers.
Casting: Searing Ray (safe; 1% risk of failure)
Confirm with . or Enter, or press ? or * to list all spells.
You miscast Iskenderun's Mystic Blast.
You are very lightly contaminated with residual magic.
Nothing appears to happen.
* * * LOW HITPOINT WARNING * * *
The ice beast completely misses you.
Casting: Iskenderun's Mystic Blast (dangerous; 11% risk of failure)
Confirm with . or Enter, or press ? or * to list all spells.
Okay, then.
Casting: Iskenderun's Mystic Blast (dangerous; 11% risk of failure)
Confirm with . or Enter, or press ? or * to list all spells.
You miscast Iskenderun's Mystic Blast.
Nothing appears to happen.
* * * LOW HITPOINT WARNING * * *
The endoplasm freezes you.
You are frozen.
* * * LOW HITPOINT WARNING * * *
Unknown command.
Casting: Iskenderun's Mystic Blast (dangerous; 11% risk of failure)
Confirm with . or Enter, or press ? or * to list all spells.
You erupt in a blast of force!
The mystic blast hits the ice beast.
The ice beast is moderately wounded.
The ice beast is knocked back by the mystic blast.
The mystic blast hits the endoplasm.
The endoplasm is almost dead.
The endoplasm is knocked back by the mystic blast.
* * * LOW HITPOINT WARNING * * *
You hear an angry hiss.
Unknown command.
Unknown command.
The endoplasm freezes you.
You are frozen.
* * * LOW HITPOINT WARNING * * *
The endoplasm freezes you.
You are frozen.
You die...

...####...###.#
###..###...#.#
#......#.....##
###.^.##....##
##!.##..##..†.#
##...≈##..#..^.#
#..##†.#.8#....#
#≈...).#.§#....#
#≈.>)J@#..#....#
#..##Y.#.8#....#
##..†.##..#....#
##..## #....#
#### # # # ### #
#.#


You could see an ice beast and an endoplasm.

Vanquished Creatures
  An ogre (D:3)
  2 bullfrogs (Sewer)
  A killer bee (D:4)
  A hound (D:4)
  An orc priest (D:3)
  Jessica (D:2)
  An orc wizard (D:3)
  Natasha (thrice) (D:2)
  3 gnolls (D:4)
  5 adders
  A shadow imp (D:4)
  4 worms
  A dart slug (D:3)
  2 orcs (D:3)
  8 ball pythons
  5 endoplasms
  12 giant cockroaches
  6 goblins
  8 hobgoblins
  A jackal (D:4)
  5 kobolds
  10 quokkas
  10 bats
  9 frilled lizards
  4 rats
105 creatures vanquished.

Vanquished Creatures (others)
  9 fulminant prisms
9 creatures vanquished.

Grand Total: 114 creatures vanquished

Notes
Turn   | Place    | Note
-------+----------+-------------------------------------------
     0 | D:1      | Hasart the Djinni Conjurer began the quest for the Orb.
     0 | D:1      | Reached XP level 1. HP: 15/15 MP: 0/0
   291 | D:1      | Reached XP level 2. HP: 18/22 MP: 0/0
  1159 | D:2      | Reached skill level 1 in Fighting
  1159 | D:2      | Reached XP level 3. HP: 24/27 MP: 0/0
  1159 | D:2      | Learned a level 1 spell: Pain
  1765 | D:2      | Reached XP level 4. HP: 27/32 MP: 0/0
  1825 | D:2      | Noticed Natasha
  1830 | D:2      | Killed Natasha
  1895 | D:2      | Noticed Natasha
  1899 | D:2      | Killed Natasha
  1900 | D:2      | Reached skill level 4 in Spellcasting
  1900 | D:2      | Reached XP level 5. HP: 35/38 MP: 0/0
  1900 | D:2      | Learned a level 2 spell: Blink
  1936 | D:2      | Found a runed translucent door.
  1937 | D:2      | Noticed Crazy Yiuf
  2083 | D:2      | Noticed Jessica
  2085 | D:2      | Killed Jessica
  2278 | D:2      | Noticed Natasha
  2284 | D:2      | Killed Natasha
  2989 | D:3      | Reached XP level 6. HP: 31/45 MP: 0/0
  3000 | D:3      | Noticed an ogre
  3328 | D:3      | Killed an ogre
  3504 | D:3      | Found a glowing golden altar of the Shining One.
  3514 | D:3      | Found a basalt altar of Yredelemnul.
  3980 | D:3      | Noticed an angel
  4086 | D:4      | Found a glowing drain.
  4091 | D:4      | Reached XP level 7. HP: 39/49 MP: 0/0
  4091 | D:4      | Learned a level 3 spell: Confusing Touch
  4170 | Sewer    | Entered a sewer
  4331 | Sewer    | Reached skill level 5 in Spellcasting
  5342 | D:4      | Frozen to death by an endoplasm

Illustrated notes

Levels and vault maps discovered:
D:1:      lemuel_arrival_river_bridge, layout_loops_ring
D:2:      layout_loops_ring, uniq_crazy_yiuf_cottage, uniq_jessica, uniq_natasha
D:3:      layout_basic, grunt_temple_overflow_holy_war, kennysheep_donut,
          corexii_item_surrounded_by_moat
D:4:      layout_loops_ring, gup_sewer_entry_pipe, minmay_misc_feat_encased,
          nzn_random_ring

Skill      XL: |  1  2  3  4  5  6  7 |
---------------+----------------------+-----
Fighting       | 1 2 3 |  3.5
Dodging        | 3 4 |  4.7
Spellcasting   | 4 5 |  5.4
Stealth        | |  1.5

Action                   |  1- 3 |  4- 6 |  7- 9 || total
-------------------------+-------+-------+-------++-------
Melee: Staff             |       |       |     1 ||     1
 Cast: Magic Dart        |    14 |       |       ||    14
       Searing Ray       |    21 |    35 |    25 ||    81
       Fulminant Prism   |       |     5 |     4 ||     9
       Pain              |       |     2 |       ||     2
       Iskenderun's Myst |       |     1 |     8 ||     9
Armor: Robe              |     1 |     1 |     7 ||     9
Dodge: Dodged            |     3 |    11 |    31 ||    45

Table legend: (Time is in decaauts)
 A = Elapsed time spent in this place.
 B = Non-inter-level travel time spent in this place.
 C = Inter-level travel time spent in this place.
 D = Time resting spent in this place.
 E = Time spent auto-exploring this place.
 F = Levels seen in this place.
 G = Mean time per level.
                   A        B        C        D        E       F      G
               +--------+--------+--------+--------+--------+-----+--------+
         Total |   5342 |   5242 |    100 |    924 |   3650 |   5 | 1068.4 |
       Dungeon |   4342 |   4242 |    100 |    418 |   3346 |   4 | 1085.5 |
         Sewer |    999 |    999 |      0 |    506 |    304 |   1 |  999.0 |
               +--------+--------+--------+--------+--------+-----+--------+

Top non-repeatable levels by time:
     D:2: 1609 daAuts
     D:3: 1363 daAuts
     D:1: 1044 daAuts
   Sewer: 999 daAuts
     D:4: 325 daAuts
